 Dungeon Crawl Stone Soup version 0.20.1 (webtiles) character file.

521 dvd the Magician (level 7, -2/36 HPs)
             Began as a Deep Elf Fire Elementalist on July 2, 2017.
             Was an Initiate of Ru.
             Slain by a phantom (8 damage)
             ... on level 4 of the Dungeon.
             The game lasted 00:11:01 (4092 turns).

dvd the Magician (Deep Elf Fire Elementalist)       Turns: 4092, Time: 00:11:02

Health: -2/36      AC:  2    Str:  5    XL:     7   Next: 1%
Magic:  6/17       EV: 16    Int: 22    God:    Ru [......]
Gold:   107        SH:  0    Dex: 15    Spells: 10/17 levels left

rFire    . . .     SeeInvis .   d - +2 dagger (drain)
rCold    . . .     Gourm    .   (no shield)
rNeg     + . .     Faith    .   a - +0 robe
rPois    .         Spirit   .   (no helmet)
rElec    .         Reflect  .   (no cloak)
rCorr    .         Harm     .   (no gloves)
MR       .....                  (no boots)
Stlth    +++.......             (no amulet)
Regen    0.2/turn               n - ring of positive energy
MPRegen  0.2/turn               q - +3 ring of evasion

@: no status effects
A: no striking features
a: Renounce Religion


You were on level 4 of the Dungeon.
You worshipped Ru.
Ru was noncommittal.
You were hungry.

You visited 2 branches of the dungeon, and saw 5 of its levels.

You collected 107 gold pieces.

Inventory:

Hand Weapons
 d - a +2 dagger of draining (weapon)
 s - a +0 quarterstaff
Armour
 a - a +0 robe (worn)
 r - the +1 robe of Noughts and Crosses {rN+ Regen+ Int-5}
   (You found it on level 4 of the Dungeon)

   It affects your intelligence (-5).
   It protects you from negative energy.
   It increases your rate of regeneration.
Jewellery
 g - an uncursed ring of ice
 n - a ring of positive energy (left hand)
 q - a +3 ring of evasion (right hand)
Wands
 o - a wand of acid (5/15)
 p - a wand of random effects (37/48)
Scrolls
 f - a scroll of immolation {unknown}
 h - 4 scrolls of identify
 i - a scroll of enchant weapon {unknown}
 l - a scroll of remove curse
 m - a scroll of teleportation {unknown}
Potions
 e - 3 potions of curing {unknown}
 j - a potion of mutation {unknown}
Books
 b - a book of Flames

   Spells                             Type                      Level
   a - Flame Tongue                   Conjuration/Fire             1
   b - Throw Flame                    Conjuration/Fire             2
   c - Conjure Flame                  Conjuration/Fire             3
   d - Inner Flame                    Hexes/Fire                   3
   e - Sticky Flame                   Conjuration/Fire             4
   f - Fireball                       Conjuration/Fire             5
Comestibles
 c - 2 bread rations
 k - a chunk of flesh


   Skills:
 + Level 0.1 Fighting
 + Level 0.4 Short Blades
 + Level 3.0 Dodging
 + Level 3.7 Stealth
 + Level 5.9 Spellcasting
 + Level 4.1 Conjurations
 + Level 5.5 Fire Magic


You had 10 spell levels left.
You knew the following spells:

 Your Spells              Type           Power        Failure   Level  Hunger
a - Flame Tongue          Conj/Fire      ####.        1%          1    None
b - Throw Flame           Conj/Fire      ####..       1%          2    None
c - Sticky Flame          Conj/Fire      ####....     13%         4    ###....


Dungeon Overview and Level Annotations

Branches:
Dungeon (4/15)             Temple (1/1) D:4

Altars:
Ashenzari
Cheibriados
Dithmenos
Elyvilon
Fedhas
Gozag
Hepliaklqana
Kikubaaqudgha
Makhleb
Nemelex Xobeh
Okawaru
Ru
Trog
Uskayaw
Yredelemnul
Zin
The Shining One


Message History

The flame tongue hits the phantom.
The phantom is severely damaged.
Casting: Flame Tongue
Confirm with . or Enter, or press ? or * to list all spells.
Aiming: Flame Tongue
Press: ? - help, Shift-Dir - straight line, f/p - phantom
Aim: a phantom (severely damaged)
The flame tongue hits the phantom.
The phantom is almost destroyed.
The phantom hits you!
* * * LOW HITPOINT WARNING * * *
Casting: Flame Tongue
Confirm with . or Enter, or press ? or * to list all spells.
Aiming: Flame Tongue
Press: ? - help, Shift-Dir - straight line, f/p - phantom
Aim: a phantom (almost destroyed)
The flame tongue hits the phantom.
The phantom is almost destroyed.
The phantom hits you!
You die...

. #.# .#. #.#
... ##.##
#.####...####
#.......>...
#...##...##.##.
#...........
##.#W######.
#.#@.......
##.#...####.
#.###.####.#
####....# .#
#.###.#.# .#
#.# #(#.# . #.#
#.#.# #
####.###.#.#
#..........#


You could see a phantom.

Vanquished Creatures
  Grinder (D:3)
  An orc priest (D:3)
  An orc wizard (D:3)
  A worker ant (D:4)
  4 gnolls
  A howler monkey skeleton (D:4)
  9 adders
  2 worms
  2 dart slugs
  2 leopard geckos
  2 orcs (D:3)
  12 giant cockroaches
  8 goblins
  9 hobgoblins
  6 jackals
  A quokka (D:3)
  4 ball pythons
  8 bats
  3 frilled lizards
  13 kobolds
  10 rats
100 creatures vanquished.

Notes
Turn   | Place    | Note
-------+----------+-------------------------------------------
     0 | D:1      | dvd the Deep Elf Fire Elementalist began the quest for the Orb.
     0 | D:1      | Reached XP level 1. HP: 10/10 MP: 6/6
   319 | D:1      | Reached XP level 2. HP: 15/15 MP: 6/8
   350 | D:1      | Learned a level 2 spell: Throw Flame
   731 | D:1      | Reached XP level 3. HP: 19/19 MP: 5/9
  1319 | D:2      | Reached XP level 4. HP: 24/24 MP: 8/11
  1349 | D:2      | Learned a level 4 spell: Sticky Flame
  2191 | D:3      | Found a sparkling altar of Nemelex Xobeh.
  2235 | D:3      | Noticed Grinder
  2251 | D:3      | Killed Grinder
  2251 | D:3      | Reached skill level 5 in Fire Magic
  2251 | D:3      | Reached XP level 5. HP: 28/28 MP: 2/14
  2251 | D:3      | Reached XP level 6. HP: 32/32 MP: 2/15
  2662 | D:3      | Reached skill level 5 in Spellcasting
  3627 | D:4      | Found a staircase to the Ecumenical Temple.
  3630 | D:4      | Got a thick robe
  3641 | D:4      | Identified the cursed +1 robe of Noughts and Crosses {rN+ Regen+ Int-5} (You found it on level 4 of the Dungeon)
  3644 | Temple   | Entered the Ecumenical Temple
  3863 | Temple   | Became a worshipper of Ru the Awakened
  3986 | D:4      | Reached XP level 7. HP: 27/36 MP: 7/17
  4092 | D:4      | Slain by a phantom

Skill      XL: |  1  2  3  4  5  6 |
---------------+-------------------+-----
Fire Magic     | 4 5 |  5.5
Stealth        | 3 |  3.7
Conjurations   | 2 3 4 |  4.1
Spellcasting   | 4 5 |  5.9
Dodging        | 3 |  3.0
Fighting       | |  0.1
Short Blades   | |  0.4

Action                   |  1- 3 |  4- 6 |  7- 9 || total
-------------------------+-------+-------+-------++-------
Melee: Dagger            |     8 |     8 |     1 ||    17
 Cast: Flame Tongue      |    46 |    84 |     8 ||   138
       Throw Flame       |    11 |    32 |       ||    43
       Sticky Flame      |       |     3 |     1 ||     4
  Use: Scroll            |       |     2 |       ||     2
 Stab: Sleeping          |       |     2 |       ||     2
  Eat: Chunk             |     1 |     9 |       ||    10
Armor: Robe              |    12 |     6 |       ||    18
Dodge: Dodged            |    25 |    37 |     1 ||    63
